BSA
IRVINE GANG GREEN @ SAN FRANCISCO BANDITS
06/28/2026
 
TOP OF THE 1ST
Irvine Gang Green batting - Pitching for San Francisco Bandits : RHP Álex Rodríguez
Pitching: RHP Álex Rodríguez
Batting: LHB Leonardo Medina 0-0: Swinging Strike
0-1: Ball
1-1: Ball
2-1: Ball
3-1: Fly out, F5 (Popup, 5F)
Batting: LHB Tom Baker 0-0: SINGLE (Flyball, 78M)
Batting: LHB Jorge Martínez 0-0: Foul Ball, location: 2F
0-1: Swinging Strike
0-2: Strikes out swinging
Batting: LHB Víctor Quiñones 0-0: Foul Ball, location: 2F
0-1: Ground out 4-3 (Groundball, 4)
Top of the 1st over - 0 run(s), 1 hit(s), 0 error(s), 1 left on base; Irvine 0 - San Francisco 0
BOTTOM OF THE 1ST
San Francisco Bandits batting - Pitching for Irvine Gang Green : RHP Jung Chwa
Pitching: RHP Jung Chwa
Batting: RHB Pete Rideout 0-0: Ground out 5-3 (Groundball, 56S)
Batting: LHB Jerry Bryan 0-0: Ball
1-0: Ball
2-0: Swinging Strike
2-1: Foul Ball, location: 2F
2-2: Strikes out swinging
Batting: RHB Jorge Morales 0-0: Ball
1-0: Swinging Strike
1-1: Fly out, F8 (Flyball, 8RM)
Bottom of the 1st over - 0 run(s), 0 hit(s), 0 error(s), 0 left on base; Irvine 0 - San Francisco 0
TOP OF THE 2ND
Irvine Gang Green batting - Pitching for San Francisco Bandits : RHP Álex Rodríguez
Batting: LHB Jesús Campos 0-0: Swinging Strike
0-1: Ball
1-1: Foul Ball, location: 2F
1-2: Ball
2-2: Ball
3-2: DOUBLE (Popup, 7LS)
Pinch Runner at 2nd Eichiro Yamamoto:
Batting: RHB José Salazar 0-0: Called Strike
0-1: Ball
1-1: Called Strike
1-2: Ball
2-2: Foul Ball, location: 2F
2-2: Strikes out swinging
Batting: LHB Bill Murphy 0-0: SINGLE (Groundball, 4M) (infield hit)
Eichiro Yamamoto to third
Batting: RHB Tom Doherty 0-0: Swinging Strike
0-1: Ball
1-1: Called Strike
1-2: Ball
2-2: Foul Ball, location: 2F
2-2: Ball
3-2: SINGLE (Groundball, 6MD)
Eichiro Yamamoto scores
Bill Murphy to second
Bill Murphy to third
Batting: RHB Buck Jones 0-0: Called Strike
0-1: Ball
1-1: Ball
2-1: Ball
3-1: Base on Balls
Tom Doherty to second
Batting: LHB Leonardo Medina 0-0: Foul Ball, location: 2F
0-1: Fly out, F5 (Popup, 5F)
Batting: LHB Tom Baker 0-0: Called Strike
0-1: Ball
1-1: Ball
2-1: Ball
3-1: Base on Balls
Bill Murphy scores
Tom Doherty to third
Buck Jones to second
Batting: LHB Jorge Martínez 0-0: Ball
1-0: Ball
2-0: Called Strike
2-1: Ball
3-1: Called Strike
3-2: Fly out, F8 (Flyball, 8RXD)
Top of the 2nd over - 2 run(s), 3 hit(s), 0 error(s), 3 left on base; Irvine 2 - San Francisco 0
BOTTOM OF THE 2ND
San Francisco Bandits batting - Pitching for Irvine Gang Green : RHP Jung Chwa
Now in LF: Eichiro Yamamoto
Batting: RHB Michael Elliott 0-0: Swinging Strike
0-1: Ball
1-1: Ball
2-1: Ball
3-1: Base on Balls
Batting: RHB Cory Foster 0-0: Ball
1-0: Foul Ball, location: 2F
1-1: Ball
2-1: Foul Ball, location: 2F
2-2: Strikes out swinging
Batting: LHB Francisco Calderón 0-0: Ball
1-0: Called Strike
1-1: Called Strike
1-2: Ball
2-2: Grounds into double play, 3-6-4 (Groundball, 34)
Bottom of the 2nd over - 0 run(s), 0 hit(s), 0 error(s), 0 left on base; Irvine 2 - San Francisco 0
TOP OF THE 3RD
Irvine Gang Green batting - Pitching for San Francisco Bandits : RHP Álex Rodríguez
Batting: LHB Víctor Quiñones 0-0: Swinging Strike
0-1: Ball
1-1: Foul Ball, location: 2F
1-2: Ball
2-2: SINGLE (Groundball, 56D)
Batting: RHB Eichiro Yamamoto 0-0: Ball
1-0: Foul Ball, location: 2F
1-1: Foul Ball, location: 2F
1-2: Foul Ball, location: 2F
1-2: Foul Ball, location: 2F
1-2: Ball
Wild Pitch!
Víctor Quiñones to second
2-2: Foul Ball, location: 2F
2-2: DOUBLE (Flyball, 89XD)
Víctor Quiñones scores
Batting: RHB José Salazar 0-0: Ball
1-0: Ball
2-0: Ball
3-0: Called Strike
3-1: Called Strike
3-2: Base on Balls
Batting: LHB Bill Murphy 0-0: Ball
1-0: Called Strike
1-1: Fly out, F8 (Flyball, 78M)
Batting: RHB Tom Doherty 0-0: Reached on error, E5 (Groundball, 5S)
Eichiro Yamamoto to third
José Salazar to second
Batting: RHB Buck Jones 0-0: Ball
1-0: Ball
2-0: Fly out, F8 (Line Drive, 8LD)
Runner from 3rd tags up, SCORES, no throw
Batting: LHB Leonardo Medina 0-0: Swinging Strike
0-1: Ball
1-1: Ball
2-1: Foul Ball, location: 2F
2-2: 3-RUN HOME RUN (Line Drive, 9D), Distance : 404 ft
Batting: LHB Tom Baker 0-0: Ball
1-0: Fly out, F2 (Popup, 15S)
Top of the 3rd over - 5 run(s), 3 hit(s), 1 error(s), 0 left on base; Irvine 7 - San Francisco 0
BOTTOM OF THE 3RD
San Francisco Bandits batting - Pitching for Irvine Gang Green : RHP Jung Chwa
Batting: RHB Javier Ramírez 0-0: Ground out 3-1 (Groundball, 34S)
Batting: RHB David Crespo 0-0: Foul Ball, location: 2F
0-1: Swinging Strike
0-2: Ball
1-2: Strikes out swinging
Batting: RHB Bob Orr 0-0: Ball
1-0: Swinging Strike
1-1: Swinging Strike
1-2: Foul Ball, location: 2F
1-2: Foul Ball, location: 2F
1-2: Strikes out swinging
Bottom of the 3rd over - 0 run(s), 0 hit(s), 0 error(s), 0 left on base; Irvine 7 - San Francisco 0
TOP OF THE 4TH
Irvine Gang Green batting - Pitching for San Francisco Bandits : RHP Álex Rodríguez
Pitching: LHP Esteban Peña
Batting: LHB Jorge Martínez 0-0: Ball
1-0: Swinging Strike
1-1: Fly out, F8 (Line Drive, 8RM)
Batting: LHB Víctor Quiñones 0-0: Called Strike
0-1: Swinging Strike
0-2: Strikes out swinging
Batting: RHB Eichiro Yamamoto 0-0: Called Strike
0-1: Ball
1-1: SINGLE (Groundball, 56)
Batting: RHB José Salazar 0-0: Ball
Eichiro Yamamoto is caught stealing 2nd base
Top of the 4th over - 0 run(s), 1 hit(s), 0 error(s), 0 left on base; Irvine 7 - San Francisco 0
BOTTOM OF THE 4TH
San Francisco Bandits batting - Pitching for Irvine Gang Green : RHP Jung Chwa
Batting: RHB Pete Rideout 0-0: Ball
1-0: Ball
2-0: Foul Ball, location: 2F
2-1: Ball
3-1: Foul Ball, location: 2F
3-2: Foul Ball, location: 2F
3-2: Ground out 1-3 (Groundball, 13S)
Batting: LHB Jerry Bryan 0-0: SINGLE (Groundball, 4MD)
Batting: RHB Jorge Morales 0-0: Foul Ball, location: 2F
0-1: Foul Ball, location: 2F
0-2: Ball
1-2: Strikes out looking
Batting: RHB Michael Elliott 0-0: Called Strike
0-1: Ball
1-1: Fielders Choice at 2nd, 6-4 (Groundball, 6)
Bottom of the 4th over - 0 run(s), 1 hit(s), 0 error(s), 0 left on base; Irvine 7 - San Francisco 0
TOP OF THE 5TH
Irvine Gang Green batting - Pitching for San Francisco Bandits : LHP Esteban Peña
Batting: RHB José Salazar 0-0: Swinging Strike
0-1: Swinging Strike
0-2: Ball
1-2: Strikes out looking
Batting: LHB Bill Murphy 0-0: Ball
1-0: Called Strike
1-1: Ball
2-1: Foul Ball, location: 2F
2-2: Strikes out looking
Batting: RHB Tom Doherty 0-0: Called Strike
0-1: Ball
1-1: Ball
2-1: Ball
3-1: Base on Balls
Batting: RHB Buck Jones 0-0: Called Strike
0-1: Swinging Strike
0-2: Ball
1-2: Foul Ball, location: 2F
1-2: Fielders Choice at 2nd, U4 (Groundball, 4M)
Top of the 5th over - 0 run(s), 0 hit(s), 0 error(s), 1 left on base; Irvine 7 - San Francisco 0
BOTTOM OF THE 5TH
San Francisco Bandits batting - Pitching for Irvine Gang Green : RHP Jung Chwa
Batting: RHB Cory Foster 0-0: Called Strike
0-1: Foul Ball, location: 2F
0-2: Ball
1-2: Strikes out looking
Batting: LHB Francisco Calderón 0-0: Called Strike
0-1: Fly out, F7 (Flyball, 7S)
Batting: RHB Javier Ramírez 0-0: Called Strike
0-1: Swinging Strike
0-2: Strikes out swinging
Bottom of the 5th over - 0 run(s), 0 hit(s), 0 error(s), 0 left on base; Irvine 7 - San Francisco 0
TOP OF THE 6TH
Irvine Gang Green batting - Pitching for San Francisco Bandits : LHP Esteban Peña
Batting: LHB Leonardo Medina 0-0: Ball
1-0: Ball
2-0: Ball
3-0: Foul Ball, location: 2F
3-1: SINGLE (Groundball, 4M)
Batting: LHB Tom Baker 0-0: Ball
1-0: Foul Ball, location: 2F
1-1: Called Strike
1-2: Strikes out swinging
Batting: LHB Jorge Martínez 0-0: Called Strike
0-1: Swinging Strike
0-2: Ball
1-2: Strikes out swinging
Batting: LHB Víctor Quiñones 0-0: Ball
1-0: Swinging Strike
1-1: Ball
2-1: Foul Ball, location: 2F
2-2: Ball
3-2: Strikes out swinging
Top of the 6th over - 0 run(s), 1 hit(s), 0 error(s), 1 left on base; Irvine 7 - San Francisco 0
BOTTOM OF THE 6TH
San Francisco Bandits batting - Pitching for Irvine Gang Green : RHP Jung Chwa
Batting: RHB David Crespo 0-0: Called Strike
0-1: Ball
1-1: Swinging Strike
1-2: Strikes out swinging
Batting: RHB Bob Orr 0-0: Foul Ball, location: 2F
0-1: Swinging Strike
0-2: Strikes out swinging
Batting: RHB Pete Rideout 0-0: Ball
1-0: Foul Ball, location: 2F
1-1: Ball
2-1: Foul Ball, location: 2F
2-2: Fly out, F2 (Popup, 13S)
Bottom of the 6th over - 0 run(s), 0 hit(s), 0 error(s), 0 left on base; Irvine 7 - San Francisco 0
TOP OF THE 7TH
Irvine Gang Green batting - Pitching for San Francisco Bandits : LHP Esteban Peña
Pitching: RHP Paul Lewis
Batting: RHB Eichiro Yamamoto 0-0: Fly out, F7 (Flyball, 78M)
Batting: RHB José Salazar 0-0: Called Strike
0-1: Ball
1-1: Swinging Strike
1-2: Ball
2-2: Ball
3-2: Foul Ball, location: 2F
3-2: Base on Balls
Batting: LHB Bill Murphy 0-0: Foul Ball, location: 2F
0-1: Grounds into double play, 4-6-3 (Groundball, 34)
Top of the 7th over - 0 run(s), 0 hit(s), 0 error(s), 0 left on base; Irvine 7 - San Francisco 0
BOTTOM OF THE 7TH
San Francisco Bandits batting - Pitching for Irvine Gang Green : RHP Jung Chwa
Batting: LHB Jerry Bryan 0-0: Ball
1-0: Ball
2-0: Called Strike
2-1: SINGLE (Groundball, 34D)
Batting: RHB Jorge Morales 0-0: Ball
1-0: Ball
2-0: Foul Ball, location: 2F
2-1: Swinging Strike
2-2: Strikes out looking
Batting: RHB Michael Elliott 0-0: Ball
1-0: Foul Ball, location: 2F
1-1: Fly out, F9 (Flyball, 9M)
Batting: RHB Cory Foster 0-0: Called Strike
0-1: Ball
1-1: Foul Ball, location: 2F
1-2: Foul Ball, location: 2F
1-2: Foul Ball, location: 2F
1-2: Strikes out swinging
Bottom of the 7th over - 0 run(s), 1 hit(s), 0 error(s), 1 left on base; Irvine 7 - San Francisco 0
TOP OF THE 8TH
Irvine Gang Green batting - Pitching for San Francisco Bandits : RHP Paul Lewis
Batting: RHB Tom Doherty 0-0: Ball
1-0: Ball
2-0: Ball
3-0: Called Strike
3-1: Ground out 6-3 (Groundball, 56)
Pinch Hitting: LHB Tony Tavárez 0-0: Foul Ball, location: 2F
0-1: Ball
1-1: Ball
2-1: SINGLE (Groundball, 3D)
Batting: LHB Leonardo Medina 0-0: Ball
1-0: SINGLE (Groundball, 4MD)
Tony Tavárez to second
Batting: LHB Tom Baker 0-0: Swinging Strike
0-1: Ball
1-1: Foul Ball, location: 2F
1-2: Strikes out swinging
Batting: LHB Jorge Martínez 0-0: Ball
1-0: Swinging Strike
1-1: Fly out, F7 (Line Drive, 7M)
Top of the 8th over - 0 run(s), 2 hit(s), 0 error(s), 2 left on base; Irvine 7 - San Francisco 0
BOTTOM OF THE 8TH
San Francisco Bandits batting - Pitching for Irvine Gang Green : RHP Jung Chwa
Now in CF: Tony Tavárez
Batting: LHB Francisco Calderón 0-0: Ball
1-0: Called Strike
1-1: Ball
2-1: Fly out, F9 (Flyball, 89S)
Batting: RHB Javier Ramírez 0-0: Ball
1-0: Called Strike
1-1: Ball
2-1: Swinging Strike
2-2: Ball
3-2: Strikes out swinging
Batting: RHB David Crespo 0-0: Called Strike
0-1: Foul Ball, location: 2F
0-2: Strikes out looking
Bottom of the 8th over - 0 run(s), 0 hit(s), 0 error(s), 0 left on base; Irvine 7 - San Francisco 0
TOP OF THE 9TH
Irvine Gang Green batting - Pitching for San Francisco Bandits : RHP Paul Lewis
Batting: LHB Víctor Quiñones 0-0: Ball
1-0: Foul Ball, location: 2F
1-1: Ball
2-1: SINGLE (Groundball, 4MD)
Batting: RHB Eichiro Yamamoto 0-0: Called Strike
0-1: Ball
1-1: Ball
2-1: Swinging Strike
2-2: Strikes out looking
Batting: RHB José Salazar 0-0: Ball
1-0: Ball
2-0: Swinging Strike
2-1: Ball
3-1: Base on Balls
Víctor Quiñones to second
Batting: LHB Bill Murphy 0-0: Ball
1-0: Called Strike
1-1: Ball
2-1: SINGLE (Groundball, 4MD)
Víctor Quiñones to third
José Salazar to second
Batting: RHB Tom Doherty 0-0: Ball
1-0: Foul Ball, location: 2F
1-1: Foul Ball, location: 2F
1-2: Fly out, F7 (Flyball, 7LS)
Batting: LHB Tony Tavárez 0-0: Swinging Strike
0-1: Called Strike
0-2: Ball
1-2: Foul Ball, location: 2F
1-2: Ball
2-2: SINGLE (Line Drive, 89S)
Víctor Quiñones scores
José Salazar to third
Bill Murphy to second
Runner from 3rd tries for Home, SAFE, no throw or cutoff
Batting: LHB Leonardo Medina 0-0: Ball
1-0: Called Strike
1-1: Ground out U3 (Groundball, 3L)
Top of the 9th over - 2 run(s), 3 hit(s), 0 error(s), 2 left on base; Irvine 9 - San Francisco 0
BOTTOM OF THE 9TH
San Francisco Bandits batting - Pitching for Irvine Gang Green : RHP Jung Chwa
Now at SS: Aaron Wilson
Batting: RHB Bob Orr 0-0: Called Strike
0-1: Fly out, F9 (Line Drive, 89M)
Batting: RHB Pete Rideout 0-0: Called Strike
0-1: Foul Ball, location: 2F
0-2: Foul Ball, location: 2F
0-2: Fly out, F8 (Flyball, 8LM)
Batting: LHB Jerry Bryan 0-0: Ball
1-0: Ball
2-0: Called Strike
2-1: Foul Ball, location: 2F
2-2: Strikes out looking
Bottom of the 9th over - 0 run(s), 0 hit(s), 0 error(s), 0 left on base; Irvine 9 - San Francisco 0
Monday, December 5th, 2016 - OOTP Baseball 17.12 Build 75